 Dungeon Crawl Stone Soup version 0.31-a0-188-g5e087ee2ca (webtiles) character file.

Game seed: 9059538703425869281

18 qw the Shooter (level 2, -1/16 HPs)
             Began as a Deep Elf Hunter on June 23, 2023.
             Slain by Terence
             ... wielding a +3 short sword
              (4 damage)
             ... on level 2 of the Dungeon.
             The game lasted 00:00:07 (562 turns).

qw the Shooter (Deep Elf Hunter)                     Turns: 562, Time: 00:00:08

Health: -1/16      AC:  4    Str:  8    XL:     2   Next: 51%
Magic:  4/4        EV: 12    Int: 13    God:
Gold:   54         SH:  0    Dex: 18    Spells: 1/1 levels left

rFire   . . .        Y - +0 shortbow
rCold   . . .        (shield currently unavailable)
rNeg    . . .        c - +0 leather armour
rPois   .            (no helmet)
rElec   .            (no cloak)
rCorr   .            g - +0 pair of gloves
SInv    .            (no boots)
Will    .....        (no amulet)
Stlth   ++           (no ring)
HPRegen 0.22/turn    (no ring)
MPRegen 0.09/turn

%: no passive effects
@: no status effects
A: no striking features
a: no special abilities


You were on level 2 of the Dungeon.
You visited 1 branch of the dungeon, and saw 2 of its levels.

You collected 54 gold pieces.


   Skills:
 - Level 1.5 Fighting
 + Level 6.3 Ranged Weapons
 - Level 2.4 Dodging
 - Level 1.2 Stealth


You had one spell level left.
You didn't know any spells.
Your spell library was empty.

Inventory:

Hand Weapons
 Y - a +0 shortbow (weapon)
Armour
 c - a +0 leather armour (worn)
 g - a +0 pair of gloves (worn)
Potions
 e - a potion of curing {unknown}
 f - a potion of cancellation {unknown}
 h - a potion of enlightenment
 i - a potion of degeneration {unknown}
 j - a potion of attraction {unknown}

Dungeon Overview and Level Annotations

Branches:
Dungeon (2/15)

Altars:

Shops:
D:1 (

Annotations:
D:2 Terence


Message History

Waypoint 1 assigned to D:2.
An adder comes into view.
The adder hisses angrily.
You hear a shout!
You shoot an arrow. The arrow closely misses the adder.
You are starting to lose your buoyancy.
Terence the Incautious comes into view.
He is wielding a +3 short sword.
You shoot an arrow. The arrow hits the adder!
The adder is almost dead.
You shoot an arrow.
The arrow hits the adder but does no damage.
The adder is almost dead.
The adder barely misses you.
You shoot an arrow. The arrow misses the adder.
The arrow hits Terence but does no damage.
The adder barely misses you.
Terence says, "Time to say good-bye..."
The adder bites you.
You shoot an arrow. The arrow closely misses the adder.
The arrow closely misses Terence.
You float gracefully downwards.
The adder closely misses you.
You shoot an arrow. The arrow hits the adder!
You kill the adder!
You shoot an arrow. The arrow completely misses Terence.
Terence hits you with a +3 short sword!
Ouch! That really hurt!
You shoot an arrow. The arrow hits Terence!
Terence is moderately wounded.
Terence closely misses you.
You shoot an arrow.
The arrow hits Terence but does no damage.
Terence is moderately wounded.
Your enlightenment fades.
Terence shouts, "DIE!!!"
Terence misses you.
You shoot an arrow. The arrow hits Terence.
Terence is heavily wounded.
Terence hits you with a +3 short sword.
You shoot an arrow. The arrow closely misses Terence.
Terence hits you with a +3 short sword.
You die...

. #########
....###<.......
......@@.......
#.#...$....###.
#.######.# # .#
. . ..


You could see Terence.

Vanquished Creatures
  An adder (D:2)
  2 endoplasms (D:1)
  A giant cockroach (D:1)
  A hobgoblin (D:1)
  A kobold (D:1)
  A quokka (D:1)
  2 bats (D:1)
9 creatures vanquished.

Notes
Turn   | Place    | Note
-------+----------+-------------------------------------------
     0 | D:1      | qw the Deep Elf Hunter began the quest for the Orb.
     0 | D:1      | Reached XP level 1. HP: 12/12 MP: 3/3
     0 | D:1      | 0 ||| qw: Version: 0.3-a-9-g12657ce
     0 | D:1      | 0 ||| qw: Game counter: 4175
     0 | D:1      | 0 ||| qw: Always use a shield: true
     0 | D:1      | 0 ||| qw: God list: Okawaru
     0 | D:1      | 0 ||| qw: Allow faded altars: false
     0 | D:1      | 0 ||| qw: Do Orc after D:15 true
     0 | D:1      | 0 ||| qw: Do second Lair branch before Depths: true
     0 | D:1      | 0 ||| qw: Lair rune preference: random
     0 | D:1      | 0 ||| qw: Plans: Normal
     0 | D:1      | 0 ||| PLANNING D:1-11
   370 | D:1      | Reached XP level 2. HP: 16/16 MP: 4/4
   382 | D:1      | Reached skill level 6 in Ranged Weapons
   399 | D:1      | Found Vejal's Weapon Boutique.
   522 | D:1      | 522 ||| UPGRADING to +0 pair of gloves.
   527 | D:1      | 527 ||| READING scroll labelled KEMMIO GEAFI.
   528 | D:1      | 528 ||| DRINKING 2 fizzy orange potions.
   529 | D:1      | 529 ||| DROPPING scroll of butterflies.
   552 | D:2      | Noticed Terence
   561 | D:2      | HP: 3/16 [Terence/+3 short sword (5)]
   562 | D:2      | Slain by Terence

Levels and vault maps discovered:
D:1:      nagdon_arrival_zigzag_paths, layout_rooms, serial_shops, shop,
          minmay_misc_feat_more_columns
D:2:      layout_basic, nicolae_grassy_gnolls, uniq_terence

Skill      XL: |  1  2 |
---------------+-------+-----
Ranged Weapons | 6 |  6.3
Fighting       | |  1.5
Dodging        | |  2.4
Stealth        | |  1.2

Action                     || total
---------------------------++-------
   Fire: Shortbow          ||    21
    Use: Scroll            ||     1
         Potion            ||     1
  Dodge: Dodged            ||     5

Table legend:
 A = Non-vault XP
 B = Vault XP
 C = Vault XP percentage of total XP
 D = Non-vault monster count
 E = Vault monster count
 F = Vault count percentage of total count
                 A         B        C        D         E       F
            +---------+---------+-------+---------+---------+-------
      Total |      27 |       0 |   0.0 |       9 |       0 |   0.0
            +---------+---------+-------+---------+---------+-------
        D:1 |      14 |       0 |   0.0 |       8 |       0 |   0.0
        D:2 |      13 |       0 |   0.0 |       1 |       0 |   0.0
            +---------+---------+-------+---------+---------+-------
